Map: Seeds of Aiur

Players

Gregi

  • Race: Zerg Zerg
  • League: Gold
  • Spawn Location: 1:00

Derbool

  • Race: Terran Terran
  • League: Gold
  • Spawn Location: 1:00

ILIEKEGGPIE - Winner!

  • Race: Protoss Protoss
  • Spawn Location: 7:00

BizMac - Winner!

  • Race: Zerg Zerg
  • Spawn Location: 7:00

VOD

Have the link to the VOD?

Description

Time

  • Played on: March 6, 2018, 8:18 p.m.
  • Length: 17:44
Show
View Real Time Build Order
Export as new Build Order

Gregi Zerg 

Build Orders: Pool First 

Get SALT Encoding   

  12  0:02  Drone  
  13  0:08  Drone  
  14  0:15  Drone, Extractor  
  15  0:23  Overlord  
  15  0:41  Spawning Pool  
  14  0:44  Drone, Extractor  
  14  0:49  Drone  
  15  0:53  Drone  
  16  0:57  Drone  
  17  1:16  Drone  
  18  1:20  Drone  
  19  1:32  Hatchery  
  18  1:42  Queen  
  18  1:43  Drone  
  18  1:46  Drone  
  22  1:55  Metabolic Boost  
  22  1:59  Overlord  
  22  2:14  Spore Crawler  
  22  2:15  Zergling x2  
  22  2:19  Zergling x2  
  23  2:23  Zergling x2  
  23  2:27  Lair  
  24  2:34  Zergling x2  
  25  2:53  Zergling x10  
  30  3:02  Queen  
  30  3:04  Drone x2  
  34  3:06  Drone  
  34  3:11  Overlord  
  32  3:40  Drone x3  
  32  3:41  Drone x2  
  37  3:43  Spine Crawler x2  
  17  4:19  Drone x3  
  17  4:20  Drone x5  
  25  4:31  Drone x2  
  27  4:48  Hydralisk Den  
  27  4:52  Queen  
  28  5:03  Drone  
  28  5:04  Drone x2, Extractor  
  30  5:12  Drone  
  30  5:13  Drone x2  
  33  5:16  Drone  
  34  5:36  Drone  
  34  5:37  Drone x3  
  34  5:38  Lurker Den  
  34  5:40  Drone  
  34  5:42  Drone  
  39  5:43  Drone  
  39  5:45  Drone  
  41  5:53  Drone x2  
  43  6:05  Drone  
  43  6:08  Overlord  
  43  6:09  Overlord x2  
  44  6:13  Overseer  
  44  6:19  Overlord  
  44  6:22  Grooved Spines  
  44  6:29  Spore Crawler  
  43  6:36  Drone x2  
  45  6:42  Spore Crawler, Extractor x2  
  45  6:44  Spore Crawler  
  45  6:45  Drone x3  
  45  6:46  Drone  
  46  6:47  Drone  
  46  6:49  Drone  
  46  6:50  Drone  
  48  6:56  Drone  
  48  6:57  Drone x2  
  48  6:59  Drone x3  
  54  7:09  Hydralisk x2  
  58  7:16  Hydralisk  
  60  7:34  Muscular Augments  
  60  8:01  Hatchery  
  60  8:02  Extractor x2  
  60  8:05  Drone x2  
  59  8:07  Drone  
  60  8:14  Lurker  
  60  8:15  Lurker x2  
  63  8:26  Spire  
  62  8:35  Drone  
  62  8:36  Drone  
  62  8:38  Hydralisk x6  
  62  8:39  Infestation Pit  
  75  9:07  Drone  
  76  9:13  Overlord x2  
  76  9:14  Overlord x2  
  76  9:25  Hydralisk x2  
  76  9:26  Hydralisk  
  76  9:30  Overlord x4  
  82  9:43  Hive  
  75  10:18  Queen  
  77  10:23  Drone x3  
  77  10:25  Drone x3  
  77  10:26  Drone  
  77  10:27  Drone x7  
  91  10:59  Corruptor x2  
  91  11:00  Corruptor x4  
  91  11:01  Corruptor x2  
  107  11:05  Greater Spire  
  107  11:06  Adaptive Talons  
  107  11:59  Spore Crawler  
  107  12:01  Spore Crawler  
  105  12:03  Spore Crawler  
  105  12:05  Spore Crawler  
  105  12:06  Spore Crawler  
  102  12:09  Corruptor x7  
  102  12:10  Corruptor x2  
  118  12:35  Zerg Flyer Weapons Level 1  
  118  12:40  Drone x2  
  119  13:32  Corruptor x2  
  119  13:33  Corruptor x7  
  131  14:12  Brood Lord  
  131  14:15  Brood Lord x2  
  137  14:18  Overlord x6  
  137  14:19  Overlord x4  
  127  14:37  Brood Lord x5  
  127  14:38  Brood Lord  
  125  14:50  Brood Lord x3  
  125  14:51  Brood Lord x5  
  109  15:27  Brood Lord x4  
  105  16:28  Corruptor x3  
  105  16:29  Corruptor x3  
  115  17:06  Corruptor x3  
  115  17:07  Corruptor  
Show
View Real Time Build Order
Export as new Build Order

Derbool Terran 

Build Orders: Liberator Opening 

Get SALT Encoding   

  12  0:13  SCV  
  12  0:14  Supply Depot  
  13  0:25  SCV  
  14  0:38  SCV  
  14  0:39  Barracks  
  15  0:47  Refinery  
  15  0:55  Refinery  
  15  0:57  SCV  
  16  1:09  SCV  
  17  1:23  SCV  
  18  1:35  SCV  
  19  1:40  Factory  
  19  1:41  Marine  
  20  1:47  SCV  
  21  1:59  Marine, SCV  
  21  2:00  Supply Depot  
  23  2:22  SCV  
  24  2:33  Starport  
  24  2:34  SCV  
  25  2:38  Engineering Bay  
  25  2:45  Supply Depot  
  25  2:46  SCV  
  26  2:54  Liberator  
  26  2:55  Supply Depot  
  26  2:58  SCV  
  27  3:09  Barracks Tech Lab  
  30  3:34  SCV  
  30  3:36  Starport  
  29  3:50  Liberator  
  29  4:18  Starport Tech Lab  
  29  4:32  Command Center  
  29  4:38  Liberator  
  29  4:47  Factory Tech Lab  
  29  4:51  Supply Depot  
  32  5:32  SCV  
  32  5:35  Fusion Core  
  33  5:44  SCV  
  33  5:46  Armory  
  34  5:57  SCV  
  29  6:09  SCV  
  29  6:10  Starport Reactor  
  30  6:18  Planetary Fortress  
  30  6:21  SCV  
  31  6:31  Starport  
  31  6:36  Smart Servos  
  31  6:40  Terran Ship Weapons Level 1  
  31  6:44  Orbital Command  
  31  6:52  Refinery  
  31  6:54  Viking  
  31  6:58  Viking  
  35  7:09  Starport Reactor  
  35  7:14  SCV  
  36  7:18  Refinery  
  36  7:26  SCV  
  37  7:30  Siege Tank  
  40  7:38  SCV  
  41  7:50  SCV  
  42  8:02  Siege Tank  
  42  8:03  Viking x2  
  49  8:18  Viking x2  
  53  8:30  Supply Depot  
  53  8:52  Supply Depot  
  53  8:54  Terran Ship Weapons Level 2  
  53  8:56  Viking x2  
  57  9:08  SCV  
  58  9:20  SCV  
  58  9:21  Supply Depot  
  53  9:32  SCV  
  54  9:44  SCV  
  55  9:47  Missile Turret  
  55  9:52  Building Armor  
  55  9:56  SCV  
  56  10:09  SCV  
  56  10:10  Missile Turret  
  57  10:18  Missile Turret  
  57  10:21  SCV  
  58  10:33  SCV  
  59  10:40  Missile Turret  
  59  10:45  SCV  
  59  10:46  Liberator x2  
  50  10:57  SCV  
  50  11:00  Missile Turret  
  51  11:09  SCV  
  52  11:21  SCV  
  50  11:29  Liberator x2  
  42  11:56  Command Center  
  37  12:10  Command Center  
Show
View Real Time Build Order
Export as new Build Order

ILIEKEGGPIE Protoss - Winner!

Build Orders:  

Get SALT Encoding   

  12  0:07  Probe  
  13  0:20  Probe  
  14  0:23  Pylon  
  14  0:32  Probe  
  15  0:45  Gateway  
  15  0:46  Probe  
  16  0:54  Assimilator  
  16  0:58  Probe  
  17  1:06  Gateway  
  17  1:10  Probe  
  18  1:24  Pylon  
  18  1:32  Cybernetics Core  
  18  1:43  Zealot, Assimilator  
  20  1:48  Probe  
  21  2:00  Probe  
  22  2:06  Warp Gate (Chrono Boost)  
  22  2:12  Probe  
  23  2:24  Probe  
  24  2:31  Stalker x2  
  24  2:36  Probe  
  29  2:46  Pylon  
  29  3:17  Nexus  
  29  3:28  Probe  
  30  3:35  Twilight Council  
  30  3:38  Pylon  
  30  3:40  Pylon  
  30  3:48  Zealot x2  
  34  4:12  Charge (Chrono Boost)  
  34  4:26  Templar Archives  
  34  4:27  Pylon  
  34  4:29  Probe (Chrono Boost)  
  36  4:32  Probe (Chrono Boost)  
  36  4:40  Zealot  
  36  4:41  Sentry  
  36  4:43  Probe (Chrono Boost)  
  41  5:05  Gateway  
  41  5:06  Gateway  
  41  5:07  Gateway  
  41  5:11  Psionic Storm  
  41  5:27  Stalker x2  
  45  5:41  Probe (Chrono Boost)  
  47  5:46  Probe (Chrono Boost)  
  47  5:51  Probe (Chrono Boost)  
  47  5:55  Probe (Chrono Boost)  
  49  6:02  Sentry  
  49  6:03  Stalker  
  49  6:04  Zealot x3  
  55  6:05  Probe  
  55  6:10  Probe  
  61  6:17  Probe  
  62  6:22  Probe  
  63  6:26  Assimilator  
  63  6:29  Probe  
  63  6:31  Assimilator  
  64  6:34  High Templar x2, Probe  
  64  6:35  Zealot  
  71  6:41  Probe  
  72  6:52  Probe  
  72  6:53  Probe  
  74  7:11  Pylon  
  74  7:14  Probe x2  
  76  7:21  Zealot  
  76  7:22  Pylon  
  78  7:29  Probe  
  79  7:32  Nexus  
  79  7:36  Pylon  
  79  7:44  Probe  
  79  7:45  Probe  
  81  7:56  Zealot x3, Probe  
  81  7:57  Zealot x2  
  92  8:15  Forge  
  92  8:17  Forge  
  92  8:23  Gateway  
  92  8:28  Gateway  
  92  8:30  Gateway  
  92  8:39  Assimilator, Probe (Chrono Boost)  
  93  8:41  Assimilator  
  93  8:43  Pylon  
  93  8:45  Probe (Chrono Boost), Pylon  
  93  8:46  Protoss Ground Armor Level 1 (Chrono Boost), Protoss Ground Weapons Level 1 (Chrono Boost)  
  93  8:47  High Templar x3  
  101  8:48  High Templar  
  101  8:50  Probe (Chrono Boost)  
  101  8:54  Probe (Chrono Boost)  
  101  8:55  Probe (Chrono Boost)  
  105  8:58  Probe (Chrono Boost)  
  105  8:59  Probe (Chrono Boost)  
  105  9:01  Probe  
  108  9:14  Gateway  
  108  9:22  Pylon  
  108  9:25  Pylon  
  108  9:45  Probe  
  108  9:50  Probe x2  
  111  9:53  Pylon  
  111  9:54  Zealot  
  111  9:55  Zealot x4, Pylon  
  111  9:58  Probe  
  122  10:02  Probe x2  
  122  10:07  Pylon  
  124  10:20  Pylon, Probe x3  
  127  10:22  High Templar x3  
  127  10:23  Zealot  
  127  10:24  Sentry  
  127  10:25  Sentry x3  
  127  10:26  Zealot  
  145  10:32  Probe x3  
  148  11:08  Probe x3  
  151  11:11  Protoss Ground Armor Level 2 (Chrono Boost), Protoss Ground Weapons Level 2 (Chrono Boost)  
  151  11:20  Probe  
  152  11:28  Robotics Facility  
  152  11:32  Gateway x2  
  152  11:38  Gateway  
  152  11:52  Nexus  
  152  11:53  Pylon  
  152  11:59  Pylon  
  150  12:34  Assimilator  
  150  12:38  Assimilator  
  150  12:39  Observer (Chrono Boost)  
  151  12:52  Observer (Chrono Boost)  
  152  13:08  Observer (Chrono Boost)  
  153  13:18  Pylon  
  153  13:24  Pylon  
  153  13:30  Warp Prism  
  153  13:32  Pylon  
  153  13:33  Protoss Ground Weapons Level 3 (Chrono Boost)  
  153  13:34  Protoss Ground Armor Level 3 (Chrono Boost)  
  155  13:46  Pylon  
  155  13:48  Probe x4  
  159  13:49  Blink (Chrono Boost)  
  159  14:00  Probe x4  
  161  14:12  Zealot x2, Probe  
  161  14:13  High Templar x3  
  161  14:14  Stalker x2  
  161  14:15  Stalker x2  
  161  14:16  Stalker x3  
  178  14:48  Stalker x3  
  178  14:49  Zealot x2  
  178  14:50  High Templar x2  
  169  15:11  Archon x2  
  169  15:12  Archon x2  
  115  15:57  Stargate  
  115  16:01  Stargate, Pylon  
  115  16:02  Stargate  
  115  16:03  Stargate  
  113  16:04  Stalker  
  113  16:05  Stalker x5, Pylon  
  113  16:06  Stalker x3  
  113  16:07  Stalker x3  
  137  16:18  Stargate  
  137  16:20  Pylon  
  144  17:01  Phoenix x3 (Chrono Boost)  
  103  17:02  Phoenix x2 (Chrono Boost)  
  113  17:17  Phoenix (Chrono Boost)  
Show
View Real Time Build Order
Export as new Build Order

BizMac Zerg - Winner!

Build Orders: Pool First 

Get SALT Encoding   

  12  0:02  Drone  
  13  0:10  Drone  
  14  0:20  Overlord  
  14  0:38  Drone x3  
  17  0:48  Extractor  
  16  0:50  Spawning Pool  
  16  0:53  Drone  
  16  1:06  Drone  
  17  1:13  Drone  
  18  1:30  Drone  
  19  1:36  Hatchery  
  19  1:38  Queen  
  20  1:49  Metabolic Boost  
  20  2:03  Drone  
  20  2:04  Overlord  
  21  2:15  Zergling x2  
  22  2:35  Overlord  
  22  2:39  Zergling x4  
  24  2:48  Queen  
  24  2:51  Zergling x10  
  31  3:04  Zergling x4  
  33  3:26  Drone  
  33  3:27  Drone x3  
  36  3:30  Lair  
  36  3:33  Drone x2, Extractor  
  38  3:40  Baneling Nest  
  27  4:18  Drone  
  27  4:19  Drone x5  
  33  4:25  Drone x2  
  33  4:27  Drone  
  33  4:28  Zergling x6  
  39  4:33  Spine Crawler  
  39  4:34  Drone  
  39  4:47  Evolution Chamber  
  39  4:48  Drone  
  39  4:51  Evolution Chamber  
  39  4:52  Baneling x3  
  38  4:54  Drone x4  
  40  5:30  Spore Crawler  
  40  5:33  Spore Crawler  
  40  5:34  Queen  
  40  5:35  Drone x2  
  42  5:37  Spore Crawler  
  42  5:39  Drone x2  
  42  5:42  Spore Crawler, Queen  
  42  5:48  Extractor  
  44  5:50  Overlord, Drone  
  44  5:51  Overlord x2  
  44  5:52  Extractor  
  38  6:01  Drone  
  38  6:02  Drone x3  
  42  6:06  Drone x2  
  42  6:09  Zergling x4  
  46  6:21  Drone  
  47  6:37  Drone x3  
  50  6:45  Drone x2  
  50  6:46  Drone  
  53  6:49  Hatchery  
  52  7:11  Spire  
  52  7:13  Drone  
  52  7:14  Drone  
  52  7:15  Zergling x2  
  54  7:16  Zergling x12  
  60  7:50  Overlord x2  
  60  7:51  Overlord x2  
  60  8:04  Drone  
  61  8:09  Extractor  
  61  8:12  Extractor  
  59  8:15  Drone x3  
  62  8:24  Zerg Flyer Weapons Level 1  
  62  8:28  Mutalisk x5  
  62  8:29  Mutalisk x5  
  82  8:44  Drone x3  
  82  8:45  Drone x2  
  87  9:07  Drone  
  87  9:08  Drone x2  
  90  9:10  Spore Crawler  
  90  9:12  Drone  
  90  9:13  Drone x6  
  96  9:33  Mutalisk  
  96  9:34  Mutalisk x4  
  96  9:37  Overlord x2  
  102  10:18  Mutalisk x10  
  102  10:20  Overlord  
  102  10:21  Overlord  
  122  10:31  Zerg Flyer Armor Level 1  
  112  11:01  Mutalisk  
  112  11:02  Mutalisk x6  
  126  11:36  Zergling x2  
  126  11:37  Zergling x6  
  126  11:38  Overlord x2  
  126  11:39  Overlord x3  
  96  13:05  Hydralisk Den  
  95  13:08  Zerg Ground Armor Level 1, Zerg Missile Weapons Level 1  
  93  13:40  Grooved Spines  
  93  13:42  Hydralisk x6  
  93  13:43  Hydralisk x13  
  125  14:13  Hydralisk  
  125  14:14  Hydralisk x10  
  142  14:51  Muscular Augments, Hydralisk x9  
  141  15:17  Corruptor x6  
  135  15:53  Corruptor  
  135  15:54  Corruptor x8  
  153  16:11  Overlord  
  153  16:12  Overlord  
  135  16:29  Corruptor  
  135  16:30  Corruptor x9  
  155  17:07  Hatchery  
Tags
 
Add a new tag
Caveats
  • Supply blocks, unpowered buildings, or Contaminate may cause inaccurate times.
  • Supply counts are checked every 10 seconds.